 Dungeon Crawl Stone Soup version 0.17.0-24-gcfadda4 (webtiles) character file.

50 M4edhros the Charlatan (level 3, 0/23 HPs)
             Began as an Octopode Artificer on Nov 17, 2015.
             Slain by a gnoll
             ... wielding a +0 spear
              (7 damage)
             ... on level 2 of the Dungeon.
             The game lasted 00:02:18 (1072 turns).

M4edhros the Charlatan (Octopode Artificer)         Turns: 1072, Time: 00:02:18

Health: 0/23       AC:  1    Str: 10    XL:     3   Next: 79%
Magic:  5/5        EV: 12    Int: 14    God:
Gold:   99         SH:  0    Dex: 13    Spells: 0 memorised, 2 levels left

rFire  . . .     SeeInvis .     j - -2 lajatang (curse)
rCold  . . .     Clarity  .     (shield currently unavailable)
rNeg   . . .     SustAt   .     (helmet restricted)
rPois  .         Gourm    .     (no amulet)
rElec  .         Spirit   .     (no ring)
rCorr  .         Warding  .     (no ring)
rMut   .         Stasis   .     (no ring)
MR     .....                    (no ring)
Stlth  +++.......               (no ring)
                                (no ring)
                                (no ring)
                                (no ring)

@: not resistant to hostile enchantments, fairly stealthy
A: almost no armour, amphibious, 8 rings, constrict 8, camouflage 1, gelatinous
body 1
a: no special abilities


You were on level 2 of the Dungeon.
You were hungry.

You visited 1 branch of the dungeon, and saw 2 of its levels.

You collected 99 gold pieces.

Inventory:

Hand Weapons
 a - a +0 short sword
 h - a +0 hunting sling
 j - a cursed -2 lajatang (weapon)
Missiles
 g - 42 stones (quivered)
Wands
 b - a wand of flame (15)
 c - a wand of enslavement (14)
 d - a wand of random effects (15)
Scrolls
 m - a scroll of fear
Potions
 f - a potion of might {unknown}
 k - a potion of degeneration {unknown}
 l - a potion of mutation {unknown}
Comestibles
 e - a bread ration
 i - 2 meat rations


   Skills:
 - Level 1.0 Fighting
 - Level 1.0 Short Blades
 * Level 2.2 Slings
 + Level 2.1 Dodging
 - Level 2.6 Stealth
 - Level 3.6 Evocations


You had 2 spell levels left.
You didn't know any spells.

Dungeon Overview and Level Annotations

Branches:
Dungeon (2/15)

Altars:


Innate Abilities, Weirdness & Mutations

You cannot wear most types of armour.
You are amphibious.
You can wear up to eight rings at the same time.
You can use your tentacles to constrict eight enemies at once.
Your skin changes colour to match your surroundings (Stealth).
Your rubbery body absorbs attacks (AC +1).


Message History

2 gnolls come into view.
The gnoll shouts!
The gnoll moves out of view.
Found a stone staircase leading down.
There are monsters nearby!
There are monsters nearby!
A jackal comes into view.
The jackal moves out of view.
There are monsters nearby!
The gnoll hits you with a spear!
There are monsters nearby!
You barely miss the gnoll.
The jackal barks!
The gnoll shouts!
Your grab misses the gnoll.
You hear a shout! x2
The gnoll hits you with a spear.
You slash the gnoll!
You kill the gnoll!
The gnoll hits you from afar with a spear!
You die...

.. #....###...#. ##.#
##........##. .....
#.#.....#### #.#.#
##.####<.####
#.#.######..# ##.....#
.>.........####..#....
#.#.#.#...#####....#.###
............##.......#
.#.#.#@..#.........##
......)......###....#
#.#.#g#.............#
.g........##.....#
#l#.####.#.##.....#
....gg #..#..###....#
#.#.# ### ###.. ...#.#
..g..g.##b# #.......
#.#.#.#...# ####.....


You could see 2 gnolls and a giant gecko.

Vanquished Creatures
  An adder (D:2)
  A gnoll (D:2)
  2 giant geckos (D:1)
  A ball python (D:1)
  6 bats
  A hobgoblin (D:1)
  6 jackals (D:1)
  A giant cockroach (D:1)
  A giant newt (D:1)
  2 goblins
  6 kobolds (D:1)
  2 rats
30 creatures vanquished.

Vanquished Creatures (others)
  A jackal (D:1)
1 creature vanquished.

Grand Total: 31 creatures vanquished

Notes
Turn   | Place    | Note
--------------------------------------------------------------
     0 | D:1      | M4edhros the Octopode Artificer began the quest for the Orb.
     0 | D:1      | Reached XP level 1. HP: 13/13 MP: 3/3
    79 | D:1      | Reached XP level 2. HP: 12/18 MP: 4/4
   473 | D:2      | Reached skill level 1 in Slings
   473 | D:2      | Reached XP level 3. HP: 23/23 MP: 5/5
  1072 | D:2      | Slain by a gnoll

Action                   || total
-------------------------++-------
Melee: Short sword       ||    26
       Lajatang          ||    31
       Hunting sling     ||     1
 Fire: Hunting sling     ||    19
Evoke: Wand              ||     1
  Use: Scroll            ||     2
 Stab: Sleeping          ||     8
